 Dungeon Sprint DCSS version 0.19.0-18-g426998a (webtiles) character file.

1690 poirepourri the Martial Artist (level 8, -6/78 (79) HPs)
             Began as a White Draconian Transmuter on Nov 11, 2016.
             Was a Follower of Cheibriados.
             Mangled by a redback (8 damage)
             ... in the Dungeon (Sprint III: "The Ten Rune Challenge").
             The game lasted 00:04:00 (2110 turns).

poirepourri the Martial Artist (DrTm)               Turns: 2110, Time: 00:04:01

HP:   -6/78 (79)    AC:  6    Str: 21    XL:     8   Next: 72%
MP:   20/21         EV: 15    Int: 17    God:    Cheibriados [*.....]
Gold: 19            SH:  0    Dex: 16    Spells: 5 memorised, 11 levels left

rFire  x . .     SeeInvis .       - Unarmed
rCold  + + +     Gourm    .     (armour unavailable)
rNeg   . . .     Faith    .     (shield currently unavailable)
rPois  +         Spirit   .     (helmet currently unavailable)
rElec  .         Reflect  .     (cloak currently unavailable)
rCorr  .         Harm     .     (gloves currently unavailable)
MR     .....     NoTele   +     (boots currently unavailable)
Stlth  +.........               (no amulet)
                                (no ring)
                                (no ring)

@: mighty, ice-form, very slow
A: (breathe frost), unfitting armour, (cold resistance 0), (cold-blooded), AC +6
a: End Transformation, Bend Time, Renounce Religion


You were in the Dungeon.
You worshipped Cheibriados.
Cheibriados was aware of your devotion.
You were not hungry.
You were a creature of crystalline ice.
You visited 1 branch You collected 19 gold pieces.

Inventory:

Wands
 c - a wand of flame (18/48)
Scrolls
 j - 3 scrolls of remove curse
Potions
 d - 3 potions of mutation
 f - 2 potions of haste
 g - a potion of magic
 h - a potion of berserk rage
 l - a potion of might
 n - a potion of cure mutation {unknown}
Books
 a - a book of Minor Magic

   Spells                             Type                      Level
   a - Magic Dart                     Conjuration                  1
   b - Blink                          Translocation                2
   c - Call Imp                       Summoning                    2
   d - Repel Missiles                 Charms/Air                   2
   e - Slow                           Hexes                        2
   f - Conjure Flame                  Conjuration/Fire             3
   g - Mephitic Cloud                 Conjuration/Poison/Air       3
 b - a book of Changes

   Spells                             Type                      Level
   a - Beastly Appendage              Transmutation                1
   b - Sticks to Snakes               Transmutation                2
   c - Spider Form                    Transmutation/Poison         3
   d - Ice Form                       Ice/Transmutation            4
   e - Blade Hands                    Transmutation                5
Comestibles
 i - a royal jelly


   Skills:
 + Level 3.8 Fighting
 + Level 7.4 Dodging
 + Level 10.5 Unarmed Combat
 + Level 9.6 Spellcasting
 + Level 10.1 Transmutations
 + Level 2.4 Ice Magic
 + Level 1.9 Poison Magic


You had 11 spell levels left.
You knew the following spells:

 Your Spells              Type           Power        Failure   Level  Hunger
a - Beastly Appendage     Tmut           #####.       1%          1    None
b - Sticks to Snakes      Tmut           #####...     1%          2    None
c - Spider Form           Tmut/Pois      ####......   2%          3    None
d - Ice Form              Ice/Tmut       ####....     10%         4    ###....
e - Blade Hands           Tmut           #####.....   4%          5    #####..


Dungeon Overview and Level Annotations

Branches:
Dungeon (1/1)

Altars:
Cheibriados
Dithmenos
Elyvilon
Fedhas
Gozag
Hepliaklqana
Kikubaaqudgha
Makhleb
Nemelex Xobeh
Okawaru
Qazlal
Ru
Sif Muna
Trog
Uskayaw
Vehumet
Xom
Yredelemnul
Zin
The Shining One
Beogh
Jiyva
Lugonu

Annotations:
D Erolcha


Innate Abilities, Weirdness & Mutations

((You can breathe waves of freezing cold.))
((You can buffet flying creatures when you breathe cold.))
((Your icy white scales are hard. (AC +6)))
You cannot fit into any form of body armour.
((Your flesh is cold resistant. (rC+)))
((You are cold-blooded and may be slowed by cold attacks.))


Message History

Your Transmutations skill increases to level 10!
The redback bites you!
* * * LOW HITPOINT WARNING * * *
The redback struggles against the net.
The redback misses you. The redback closely misses you. The redback misses you.
The redback bites you but does no damage.
The redback bites you.
* * * LOW HITPOINT WARNING * * *
You hit the redback. You freeze the redback.
The redback is lightly wounded.
The redback bites you!
* * * LOW HITPOINT WARNING * * *
The redback misses you. The redback barely misses you.
You feel very mighty all of a sudden. The redback bites you.
* * * LOW HITPOINT WARNING * * *
The redback bites you!
You die...

###### _[#__# _.#)_#
###'## .....# .....#
####'#
_#...#+##############
_#...#....#.#.#.YsOs#
_#...##.#..#.##.###.#
_#...'##)#)#.##)#..##
_'...#...#..#..##.)'O.....
▓▓▓▓▓▓▓▓▓▓▓▓▓▓▓▓▓▓▓#......
.s.... ..... ..... ####


You could see Erolcha and 2 redbacks.

Vanquished Creatures
  A deep elf mage (D)
  A shadow (D)
  A spatial vortex (D)
  2 hill giants (D)
  A necrophage (D)
  3 two-headed ogres (D)
  A water elemental (D)
  A jelly (D)
  A wizard (D)
  Jessica (D)
  A necromancer (D)
  3 humans (D)
  A kobold demonologist (D)
  A wolf (D)
  2 oozes (D)
  A rat (D)
22 creatures vanquished.

Vanquished Creatures (others)
  2 draconian scorchers (D)
  6 hellions (D)
  2 yaktaurs (D)
10 creatures vanquished.

Grand Total: 32 creatures vanquished

Notes
Turn   | Place    | Note
-------+----------+-------------------------------------------
     0 | D        | poirepourri the Draconian Transmuter began the quest for the Orb.
     0 | D        | Reached XP level 1. HP: 16/16 MP: 3/3
    14 | D        | Reached XP level 2. HP: 22/23 MP: 2/5
    24 | D        | Noticed Jessica
    34 | D        | Killed Jessica
    34 | D        | Reached skill level 5 in Unarmed Combat
    34 | D        | Reached XP level 3. HP: 14/28 MP: 3/7
    95 | D        | Killed a hellion
   107 | D        | Killed a yaktaur
   122 | D        | Learned a level 2 spell: Sticks to Snakes
   126 | D        | Learned a level 3 spell: Spider Form
   168 | D        | Killed a white draconian scorcher
   208 | D        | Killed a hellion
   208 | D        | Killed a hellion
   209 | D        | Killed a hellion
   210 | D        | Killed a hellion
   210 | D        | Killed a hellion
   218 | D        | Killed a white draconian scorcher
   282 | D        | Killed a yaktaur
   494 | D        | Noticed a water elemental
   498 | D        | Killed a water elemental
   498 | D        | Reached skill level 5 in Transmutations
   498 | D        | Reached XP level 4. HP: 35/35 MP: 0/10
   578 | D        | Learned a level 4 spell: Ice Form
   614 | D        | Found a radiant altar of Vehumet.
   614 | D        | Found a deep blue altar of Sif Muna.
   614 | D        | Found an ancient bone altar of Kikubaaqudgha.
   614 | D        | Noticed a wizard
   623 | D        | Noticed a rust devil
   623 | D        | Killed a wizard
   623 | D        | Reached skill level 5 in Spellcasting
   623 | D        | Reached XP level 5. HP: 22/40 MP: 9/12
   628 | D        | Noticed a rust devil
   899 | D        | Found a glowing silver altar of Zin.
   899 | D        | Found a glowing golden altar of the Shining One.
   899 | D        | Found a white marble altar of Elyvilon.
   900 | D        | Noticed a deep elf mage
   907 | D        | Killed a deep elf mage
   907 | D        | Reached skill level 5 in Dodging
   907 | D        | Reached XP level 6. HP: 14/51 MP: 10/16
   907 | D        | Your scales start taking on an icy white colour.
   907 | D        | Reached skill level 1 in Ice Magic
   907 | D        | Reached XP level 7. HP: 16/57 MP: 11/18
   907 | D        | Gained mutation: Your flesh is cold resistant. (rC+) [White Draconian growth]
  1123 | D        | Found a hide-covered altar of Uskayaw.
  1123 | D        | Found a roughly hewn altar of Beogh.
  1123 | D        | Found an iron altar of Okawaru.
  1123 | D        | Found a bloodstained altar of Trog.
  1123 | D        | Noticed a human
  1126 | D        | Noticed a human
  1128 | D        | Killed a human
  1143 | D        | Killed a human
  1416 | D        | Found a basalt altar of Yredelemnul.
  1416 | D        | Found a shadowy altar of Dithmenos.
  1416 | D        | Found a sacrificial altar of Ru.
  1422 | D        | Reached skill level 1 in Poison Magic
  1595 | D        | Noticed a shadow
  1602 | D        | Killed a shadow
  1602 | D        | Reached XP level 8. HP: 29/62 MP: 17/21
  1770 | D        | Found a blossoming altar of Fedhas.
  1770 | D        | Found a stormy altar of Qazlal.
  1770 | D        | Found a snail-covered altar of Cheibriados.
  1770 | D        | Found a burning altar of Makhleb.
  1770 | D        | Found a shimmering altar of Xom.
  1771 | D        | Found a hazy altar of Hepliaklqana.
  1771 | D        | Found an opulent altar of Gozag.
  1771 | D        | Found a sparkling altar of Nemelex Xobeh.
  1771 | D        | Found a corrupted altar of Lugonu.
  1771 | D        | Found a viscous altar of Jiyva.
  1780 | D        | Became a worshipper of Cheibriados the Contemplative
  1856 | D        | Learned a level 5 spell: Blade Hands
  1867 | D        | Reached skill level 10 in Unarmed Combat
  1943 | D        | Reached * piety under Cheibriados
  2094 | D        | Noticed Erolcha
  2103 | D        | Reached skill level 10 in Transmutations
  2110 | D        | HP: 2/78 [redback (5)]
  2110 | D        | Mangled by a redback

Skill      XL: |  1  2  3  4  5  6  7  8 |
---------------+-------------------------+-----
Dodging        | 2 3 5 6 7 |  7.4
Unarmed Combat | 4 5 6 8 9 10 | 10.5
Spellcasting   | 3 4 5 7 9 |  9.6
Transmutations | 3 5 8 9 10 | 10.1
Fighting       | 3 |  3.8
Ice Magic      | 1 2 |  2.4
Poison Magic   | 1 |  1.9

Action                   |  1- 3 |  4- 6 |  7- 9 || total
-------------------------+-------+-------+-------++-------
Melee: Unarmed           |    30 |    20 |    53 ||   103
       Kick              |     4 |     1 |       ||     5
       Tailslap          |     5 |     1 |     3 ||     9
       Headbutt          |     1 |       |       ||     1
       Punch             |       |       |     2 ||     2
 Cast: Beastly Appendage |     3 |     2 |     1 ||     6
       Sticks to Snakes  |    11 |     1 |       ||    12
       Spider Form       |       |     1 |     3 ||     4
       Blade Hands       |       |       |     3 ||     3
       Ice Form          |       |       |     2 ||     2
 Abil: Breathe Frost     |       |       |     2 ||     2
  Use: Potion            |     5 |       |     1 ||     6
       Scroll            |     5 |       |       ||     5
 Stab: Sleeping          |       |       |     1 ||     1
  Eat: Royal jelly       |       |     2 |       ||     2
       Bread ration      |       |     1 |       ||     1
Armor: Skin              |     8 |    14 |     2 ||    24
Dodge: Dodged            |    30 |    19 |    34 ||    83
